 Dungeon Crawl Stone Soup version 0.22-a0-803-gd6d8abe (webtiles) character file.

39 iamserjio the Firebug (level 3, 1/19 HPs)
             Began as a Tengu Fire Elementalist on July 22, 2018.
             Quit the game on level 2 of the Dungeon.
             The game lasted 00:02:45 (348 turns).

iamserjio the Firebug (Tengu Fire Elementalist)      Turns: 348, Time: 00:02:45

Health: 1/19       AC:  3    Str:  8    XL:     3   Next: 47%
Magic:  1/7        EV: 18    Int: 16    God:
Gold:   28         SH:  0    Dex: 19    Spells: 6/7 levels left

rFire    . . .     SeeInvis .   d - +0 dagger
rCold    + . .     Gourm    .   (no shield)
rNeg     . . .     Faith    .   a - +0 robe
rPois    .         Spirit   .   (helmet restricted)
rElec    .         Reflect  .   (no cloak)
rCorr    +         Harm     .   k - +0 pair of gloves
MR       .....                  (boots unavailable)
Stlth    +++.......             (no amulet)
HPRegen  0.06/turn              j - ring of resist corrosion
MPRegen  0.10/turn              m - ring of protection from cold

@: agile, lethally poisoned (1 -> -1), berserk cooldown, slowed, very slow
A: beak, talons 3
a: no special abilities


You were on level 2 of the Dungeon.
You were not hungry.

You visited 1 branch of the dungeon, and saw 2 of its levels.

You collected 28 gold pieces.

Inventory:

Hand Weapons
 d - a +0 dagger (weapon)
 e - a +0 short sword
Missiles
 n - 11 stones (quivered)
Armour
 a - a +0 robe (worn)
 k - a +0 pair of gloves (worn)
Jewellery
 j - a ring of resist corrosion (left hand)
 m - a ring of protection from cold (right hand)
Scrolls
 b - a scroll of teleportation {unknown}
 g - a scroll of identify {unknown}
 h - a scroll of remove curse {unknown}
 i - a scroll of fear {unknown}
 l - a scroll of fog {unknown}
Comestibles
 c - a ration


   Skills:
 - Level 2.1 Dodging
 - Level 2.0 Stealth
 + Level 2.5 Spellcasting
 + Level 2.6 Conjurations
 + Level 3.9 Fire Magic


You had 6 spell levels left.
You knew the following spells:

 Your Spells              Type           Power        Failure   Level  Hunger
a - Flame Tongue          Conj/Fire      ##...        4%          1    #......

Your spell library contained the following spells:

 Spells                   Type           Power        Failure   Level  Hunger
 Fireball                 Conj/Fire      ##........   80%         5    ######.
 Conjure Flame            Conj/Fire      ##......     16%         3    ###....
 Throw Flame              Conj/Fire      ##....       8%          2    ##.....
 Sticky Flame             Conj/Fire      ##......     45%         4    #####..
 Inner Flame              Hex/Fire       #.......     26%         3    ###....


Dungeon Overview and Level Annotations

Branches:
Dungeon (2/15)

Altars:

Annotations:
D:2 Sigmund


Innate Abilities, Weirdness & Mutations

You have a beak for a mouth.
You have claws for feet.


Message History

You kill the jackal!
There is a lethal amount of poison in your body!
Things that are here:
a jackal corpse; a bat corpse You feel a strong urge to attack something.
* * * LOW HITPOINT WARNING * * *
You feel sick.
Things that are here:
a short sword; a kobold corpse
e - a short sword You feel your anger nearly subside.
You are no longer berserk.
You are exhausted.
You feel yourself slow down.
It was a potion of agility.
You feel agile all of a sudden.
The giant cockroach closely misses you. x2
You hit the giant cockroach but do no damage.
* * * LOW HITPOINT WARNING * * *
You feel sick. The giant cockroach misses you.
Are you sure you want to abandon this character and quit the game? (Confirm with "yes".)

#.(.........
#?.......S..
#........... #
#........... #
#....[...... #
#......s... # #
#...##.K... # ###
#.###..s# ### # ..#
#......@##########
# #.#
####....††.†......
### #.#
#...########### ..#
#.# #...########
#.####.###
#.#.........
#.##.....#
#.#...#####
#<##.###.####.#.#.#
#.##.# #......#.#.#
.
#.##.###.######.#.#
#


You could see a giant cockroach.

Vanquished Creatures
  2 adders (D:2)
  A ball python (D:2)
  2 giant cockroaches (D:2)
  A goblin (D:1)
  2 jackals (D:2)
  6 bats
  2 frilled lizards
  4 kobolds
  A rat (D:1)
21 creatures vanquished.

Notes
Turn   | Place    | Note
-------+----------+-------------------------------------------
     0 | D:1      | iamserjio the Tengu Fire Elementalist began the quest for the Orb.
     0 | D:1      | Reached XP level 1. HP: 10/10 MP: 4/4
   128 | D:1      | Reached XP level 2. HP: 15/15 MP: 1/6
   284 | D:2      | Noticed Sigmund
   334 | D:2      | Reached XP level 3. HP: 12/19 MP: 2/7
   348 | D:2      | Quit the game

Vault maps used:
D:1:      dpeg_arrival_renting, item_on_display_a
D:2:      grunt_dithmenos_smoke_and_mirrors, uniq_natasha, uniq_sigmund

Skill      XL: |  1  2 |
---------------+-------+-----
Conjurations   | 2 |  2.6
Dodging        | |  2.1
Stealth        | |  2.0
Spellcasting   | |  2.5
Fire Magic     | |  3.9

Action                   || total
-------------------------++-------
Melee: Dagger            ||    23
       Kick              ||     3
       Peck              ||     2
 Cast: Flame Tongue      ||    19
  Use: Potion            ||     2
Armor: Robe              ||    14
Dodge: Dodged            ||    28

Table legend:
 A = Spawn XP
 B = Non-spawn XP
 C = Spawn XP percentage of total XP
 D = Spawn monster count
 E = Non-spawn monster count
 F = Spawn count percentage of total count
 G = Total turns spent on level
                    A         B        C        D         E        F      G
               +---------+---------+-------+---------+---------+-------+---------
         Total |       0 |      57 |   0.0 |       0 |      21 |   0.0 |   348
               +---------+---------+-------+---------+---------+-------+---------
           D:1 |       0 |      12 |   0.0 |       0 |       9 |   0.0 |   173
           D:2 |       0 |      45 |   0.0 |       0 |      12 |   0.0 |   175
               +---------+---------+-------+---------+---------+-------+---------
